 Dungeon Crawl Stone Soup version 0.26.1-2-gb8aa6d0cf2 (webtiles) character file.

Game seed: 7576333230728774631

2 CrazyMind the Magician (level 1, 0/13 HPs)
             Began as a Gnoll Hedge Wizard on Mar 30, 2021.
             Slain by a bat (1 damage)
             ... on level 1 of the Dungeon.
             The game lasted 00:00:58 (78 turns).

CrazyMind the Magician (Gnoll Hedge Wizard)           Turns: 78, Time: 00:00:58

Health: 0/13       AC:  2    Str: 12    XL:     1   Next: 40%
Magic:  8/8        EV: 14    Int: 16    God:
Gold:   0          SH:  0    Dex: 14    Spells: 13/14 levels left

rFire    . . .     SeeInvis .   a - +0 dagger
rCold    . . .     Faith    .   (no shield)
rNeg     . . .     Spirit   .   b - +0 robe
rPois    .         Reflect  .   c - +0 hat
rElec    .         Harm     .   (no cloak)
rCorr    .         Rampage  .   (no gloves)
Will     .....                  (no boots)
Stlth    +++.......             (no amulet)
HPRegen  0.04/turn              (no ring)
MPRegen  0.11/turn              (no ring)

@: no status effects
A: distributed training, fangs 1, strong nose
a: no special abilities


You were on level 1 of the Dungeon.
You visited 1 branch of the dungeon, and saw 1 of its levels.

Inventory:

Hand Weapons
 a - a +0 dagger (weapon)
Armour
 b - a +0 robe (worn)
 c - a +0 hat (worn)
Jewellery
 d - a cursed ring of teleportation {unknown}


   Skills:
 + Level 0.0 Fighting
 + Level 0.0 Short Blades
 + Level 0.0 Long Blades
 + Level 0.0 Axes
 + Level 0.0 Maces & Flails
 + Level 0.0 Polearms
 + Level 0.0 Staves
 + Level 0.0 Slings
 + Level 0.0 Bows
 + Level 0.0 Crossbows
 + Level 0.0 Throwing
 + Level 0.0 Armour
 + Level 4.4 Dodging
 + Level 4.0 Stealth
 + Level 0.0 Shields
 + Level 0.0 Unarmed Combat
 + Level 7.0 Spellcasting
 + Level 1.9 Conjurations
 + Level 0.0 Hexes
 + Level 1.9 Summonings
 + Level 0.0 Necromancy
 + Level 1.9 Translocations
 + Level 0.0 Transmutations
 + Level 0.0 Fire Magic
 + Level 0.0 Ice Magic
 + Level 0.0 Air Magic
 + Level 0.0 Earth Magic
 + Level 0.0 Poison Magic
 + Level 0.1 Invocations
 + Level 0.0 Evocations


You had 13 spell levels left.
You knew the following spells:

 Your Spells              Type           Power        Failure   Level
a - Magic Dart            Conj           44%          5%          1

Your spell library contained the following spells:

 Spells                   Type           Power        Failure   Level
 Blink                    Tloc           N/A          9%          2
 Call Imp                 Summ           11%          9%          2
 Slow                     Hex            5%           19%         2
 Conjure Flame            Conj/Fire      8%           24%         3
 Mephitic Cloud           Conj/Pois/Air  7%           28%         3


Dungeon Overview and Level Annotations

Branches:
Dungeon (1/15)

Altars:


Innate Abilities, Weirdness & Mutations

Your experience applies equally to all skills.
You have very sharp teeth.
Your uncanny sense of smell can sniff out nearby items.


Message History

The giant cockroach bites you but does no damage.
The bat misses you. The giant cockroach barely misses you.
The kobold throws a stone.
The stone closely misses you. The bat hits you but does no damage.
The bat closely misses you. The bat completely misses you.
The giant cockroach bites you.
The kobold throws a stone.
The stone barely misses you.
The giant cockroach waves its antennae.
The giant cockroach bites you.
* * * LOW HITPOINT WARNING * * *
The kobold throws a stone.
The stone closely misses you. The bat misses you.
The giant cockroach closely misses you.
The kobold throws a stone.
The stone completely misses you. The bat completely misses you.
The giant cockroach bites you.
* * * LOW HITPOINT WARNING * * *
The bat completely misses you.
The giant cockroach bites you but does no damage.
The giant cockroach closely misses you. The bat misses you.
The giant cockroach barely misses you. The bat hits you.
You die...

........#......$.......
.........######.#....#..
.............(.......+..
#.........#..........#..
#........#.###.##......
##..[........##.....)...
...............###......
.....(..B.#..#.###......
.#...b@.K...#.#........
........#.#..#∆#....#+##
....###.#.#..#.#....#.##
... ..................
.. ##....#.#.######...
#....$ #..........
#....###.......... .....
.......... ..........


You could see a giant cockroach, a bat and a kobold.

Vanquished Creatures
  A hobgoblin (D:1)
  A kobold (D:1)
2 creatures vanquished.

Notes
Turn   | Place    | Note
-------+----------+-------------------------------------------
     0 | D:1      | CrazyMind the Gnoll Hedge Wizard began the quest for the
                  | Orb.
     0 | D:1      | Reached XP level 1. HP: 13/13 MP: 8/8
    78 | D:1      | Slain by a bat

Illustrated notes

Levels and vault maps discovered:
D:1:      scummos_arrival_simple_crosswalls, layout_basic, corner_web_ring,
          item_on_display_a

Action                   || total
-------------------------++-------
Melee: Dagger            ||     2
 Stab: Sleeping          ||     2
Armor: Robe              ||    13
Dodge: Dodged            ||    36
